Map: Orbital Shipyard

Players

Apocalypse - Winner!

  • Race: Protoss Protoss
  • League: Diamond

A.I. 1 (Very Easy)

  • Race: Terran Terran

VOD

Have the link to the VOD?

Description

Just vs ai to give a general sense of the timings.

Time

  • Played on: Nov. 13, 2015, 3:05 a.m.
  • Length: 8:28
Show
View Real Time Build Order
Export as new Build Order

Apocalypse Protoss - Winner!

Build Orders: 1 Gate Expand 

Get SALT Encoding   

  12  0:00  Probe (Chrono Boost)  
  13  0:11  Probe (Chrono Boost)  
  14  0:17  Pylon  
  14  0:22  Probe (Chrono Boost)  
  15  0:35  Probe (Chrono Boost), Gateway  
  16  0:41  Assimilator  
  16  0:45  Probe (Chrono Boost)  
  17  0:56  Probe (Chrono Boost)  
  18  1:06  Probe (Chrono Boost)  
  19  1:17  Probe (Chrono Boost)  
  20  1:22  Nexus  
  20  1:27  Probe (Chrono Boost)  
  21  1:35  Cybernetics Core  
  21  1:38  Probe (Chrono Boost)  
  22  1:45  Pylon  
  22  1:49  Probe (Chrono Boost)  
  22  1:53  Assimilator  
  23  2:03  Probe (Chrono Boost)  
  24  2:11  Adept, Warp Gate  
  28  2:16  Mothership Core (Chrono Boost)  
  28  2:22  Forge  
  28  2:34  Probe (Chrono Boost)  
  29  2:42  Robotics Facility  
  29  2:43  Probe (Chrono Boost)  
  30  2:45  Probe (Chrono Boost)  
  30  2:48  Adept  
  30  2:50  Protoss Ground Armor Level 1 (Chrono Boost)  
  33  2:53  Probe (Chrono Boost)  
  33  2:55  Probe (Chrono Boost)  
  35  3:02  Probe  
  36  3:07  Probe  
  36  3:12  Probe  
  37  3:15  Adept (Chrono Boost)  
  37  3:19  Probe  
  41  3:24  Probe  
  41  3:26  Pylon  
  42  3:30  Warp Prism  
  42  3:31  Probe  
  45  3:36  Probe  
  46  3:44  Adept (Chrono Boost)  
  46  3:45  Probe  
  49  3:50  Probe  
  49  3:52  Pylon  
  50  3:56  Twilight Council  
  50  3:58  Probe  
  51  4:03  Probe  
  51  4:05  Assimilator  
  51  4:06  Observer (Chrono Boost)  
  51  4:07  Assimilator  
  53  4:16  Gateway  
  53  4:17  Gateway  
  53  4:19  Probe x2  
  55  4:26  Protoss Ground Armor Level 2  
  55  4:28  Immortal (Chrono Boost)  
  55  4:31  Pylon  
  59  4:36  Sentry  
  61  4:45  Pylon  
  61  4:52  Resonating Glaives  
  61  4:56  Pylon  
  61  5:03  Immortal (Chrono Boost)  
  65  5:13  Gateway  
  65  5:15  Gateway  
  65  5:17  Sentry  
  65  5:18  Adept x2  
  71  5:37  Immortal (Chrono Boost)  
  71  5:39  Sentry, Nexus  
  71  5:40  Pylon  
  71  5:42  Sentry  
  79  5:45  Probe x2  
  81  5:51  Adept  
  83  5:57  Probe x2  
  85  6:04  Adept  
  85  6:08  Sentry, Pylon x2  
  85  6:09  Probe  
  90  6:15  Immortal (Chrono Boost)  
  94  6:20  Pylon  
  94  6:26  Probe  
  94  6:29  Sentry x2, Pylon  
  94  6:31  Adept  
  94  6:32  Adept  
  103  6:37  Pylon  
  103  6:43  Stalker  
  105  6:47  Probe x2  
  105  6:50  Probe  
  108  6:59  Stalker, Probe  
  108  7:00  Adept  
  108  7:01  Probe  
  113  7:02  Probe  
  115  7:10  Stalker x2  
  115  7:14  Stalker  
  121  7:18  Probe x3  
  124  7:29  Probe  
  124  7:30  Probe x2  
  124  7:33  Stalker x2  
  124  7:34  Stalker  
  133  7:39  Probe  
  133  7:42  Probe x2  
  136  7:44  Pylon  
  136  7:46  Sentry, Adept, Pylon  
  136  7:50  Probe  
  140  7:54  Probe  
  140  7:55  Probe, Assimilator x2  
  143  8:00  Probe  
  144  8:06  Probe  
  144  8:07  Probe  
  144  8:11  Stalker  
  144  8:12  Stalker x3  
  152  8:13  Stalker  
  158  8:28  Gateway  
Show
View Real Time Build Order
Export as new Build Order

A.I. 1 (Very Easy) Terran 

Build Orders:  

Get SALT Encoding   

  12  0:00  SCV  
  13  0:13  SCV  
  14  0:19  Supply Depot  
  14  0:37  Refinery  
  14  0:46  Barracks  
  14  1:04  Supply Depot  
  14  1:12  Refinery  
  14  1:30  SCV  
  15  1:33  Marine  
  16  1:42  SCV  
  17  1:54  SCV  
  18  2:06  SCV  
  19  2:08  Marine  
  20  2:18  SCV  
  21  2:30  SCV  
  22  2:43  Orbital Command, Marine  
  22  4:24  SCV  
  23  5:58  SCV, Marine  
  23  5:59  Supply Depot  
  23  6:01  Factory  
  23  6:03  Command Center  
  25  6:20  SCV  
  25  6:24  Supply Depot  
  26  6:32  Barracks Tech Lab  
  26  6:33  SCV  
  25  6:45  SCV  
  25  6:46  Starport  
  25  6:50  Marine  
  26  6:57  SCV  
  27  7:16  SCV  
  26  7:22  Refinery, Starport Tech Lab  
  26  7:24  SCV, Refinery, Marine  
  28  7:31  SCV  
  25  7:37  Supply Depot  
  25  7:38  SCV  
  15  7:52  SCV  
  15  8:04  SCV  
  14  8:06  Supply Depot  
  12  8:15  Supply Depot  
Tags
 
Add a new tag
Caveats
  • Supply blocks, unpowered buildings, or Contaminate may cause inaccurate times.
  • Supply counts are checked every 10 seconds.